Map: Ruins of Endion

Players

capac

  • Race: Terran Terran
  • League: Gold

A.I. 1 (Elite) - Winner!

  • Race: Terran Terran

VOD

Have the link to the VOD?

Description

Time

  • Played on: April 25, 2016, 10:33 a.m.
  • Length: 29:35
Show
View Real Time Build Order
Export as new Build Order

capac Terran 

Build Orders: Reaper Expand 

Get SALT Encoding   

  12  0:01  SCV  
  13  0:13  SCV  
  14  0:18  Supply Depot  
  14  0:25  SCV  
  15  0:40  SCV  
  15  0:41  Barracks  
  16  0:48  Refinery  
  16  0:55  SCV  
  17  1:07  SCV  
  18  1:19  SCV  
  19  1:32  Reaper  
  20  1:33  Orbital Command  
  20  1:45  Command Center  
  20  2:03  Supply Depot  
  20  2:12  Barracks Tech Lab  
  20  2:23  SCV  
  20  2:29  Factory  
  21  2:30  Refinery  
  21  2:37  SCV  
  21  2:39  Marine  
  23  2:49  Barracks  
  23  2:50  SCV  
  24  3:02  Marine  
  24  3:03  Orbital Command  
  25  3:07  Bunker  
  25  3:16  SCV  
  26  3:23  Starport  
  26  3:32  SCV  
  27  3:35  SCV  
  27  3:37  Barracks  
  28  3:41  Barracks Reactor  
  28  3:42  Marine  
  28  3:47  SCV x2  
  31  3:57  Siege Tank  
  31  3:59  SCV x2  
  36  4:04  Barracks Tech Lab  
  33  4:11  SCV x2  
  35  4:18  Medivac  
  31  4:49  Marine x2  
  31  4:50  Marine  
  26  5:09  Supply Depot  
  26  5:18  Marine x3  
  26  5:19  Marine  
  30  5:27  Supply Depot  
  30  5:31  Siege Tank, Medivac  
  35  5:36  Marine  
  35  5:37  Command Center  
  36  5:48  Marine  
  37  5:50  Marine x2  
  37  5:53  SCV  
  40  5:57  Supply Depot  
  40  6:06  Marine  
  41  6:18  Factory Tech Lab  
  41  6:22  Starport Tech Lab  
  41  6:26  Starport Reactor  
  41  6:31  Marine x2  
  41  6:32  Marine  
  44  6:37  Siege Tank  
  47  6:42  Marine  
  47  6:44  SCV  
  49  6:49  Supply Depot, Marine  
  50  6:56  SCV  
  51  7:14  Orbital Command  
  51  7:17  SCV  
  51  7:20  Medivac x2  
  51  7:21  Siege Tank  
  59  7:27  Marine x3  
  62  7:30  SCV  
  63  7:41  SCV  
  63  7:42  SCV  
  65  7:51  Marine  
  65  7:52  Marine x3  
  65  7:53  SCV  
  70  8:05  Refinery  
  70  8:08  Siege Tank  
  70  8:09  Marine x2, SCV  
  70  8:10  Marine, SCV  
  78  8:22  Stimpack  
  78  8:26  Marine  
  79  8:28  SCV  
  79  8:29  Supply Depot x2, SCV  
  79  8:33  Liberator  
  81  8:35  Liberator  
  81  8:40  SCV  
  83  8:41  SCV  
  83  8:43  Marine  
  83  8:44  Marine  
  83  8:45  Barracks Tech Lab  
  91  9:05  SCV x2  
  93  9:12  Marine  
  93  9:13  Marine x3  
  97  9:17  Supply Depot, SCV  
  97  9:18  SCV  
  99  9:26  Supply Depot  
  99  9:30  SCV x2  
  101  9:42  Marine x3, SCV x2  
  101  9:43  Marine  
  101  9:44  Siege Tank  
  110  9:47  Medivac  
  110  9:49  Supply Depot  
  109  10:18  Marine  
  109  10:19  Marine x3  
  113  10:22  Combat Shields  
  113  10:27  Supply Depot  
  113  10:33  SCV x2  
  115  10:37  Refinery  
  115  10:41  Command Center  
  115  10:43  Liberator x2  
  115  10:53  Marine x3  
  115  10:54  Marine  
  119  10:58  Supply Depot  
  125  11:18  Command Center  
  125  11:21  Supply Depot  
  125  11:24  Factory  
  125  11:28  Barracks  
  125  11:30  Barracks  
  125  11:38  Marine x2  
  125  11:39  Marine, Liberator x2  
  128  11:40  Marine  
  129  11:53  Engineering Bay  
  129  11:56  Supply Depot  
  129  11:57  Marine x2  
  129  11:58  Marine  
  138  12:11  Widow Mine  
  140  12:28  Engineering Bay  
  140  12:30  Supply Depot, Marine x2  
  140  12:32  Barracks Reactor x2  
  140  12:33  Starport  
  140  12:34  Barracks Reactor  
  140  12:37  Concussive Shells  
  135  13:08  Marine x2  
  135  13:09  Marine x5  
  134  13:26  Marine  
  135  13:28  Marauder  
  135  13:34  Marine x3  
  140  13:46  Orbital Command  
  90  14:42  Marine x2  
  90  14:43  Marine x6  
  90  14:44  Siege Tank x2  
  101  14:46  Medivac x2  
  98  15:16  Siege Tank  
  98  15:34  Marine x3  
  98  15:35  Marine x3  
  101  15:37  Siege Tank  
  101  15:39  SCV  
  101  15:42  Refinery  
  105  15:43  Refinery  
  105  15:45  Medivac x2  
  105  15:48  Siege Tank  
  112  15:56  SCV  
  113  15:57  SCV  
  113  16:03  Planetary Fortress  
  114  16:09  Siege Tank  
  117  16:16  Medivac  
  117  16:17  Medivac  
  121  16:19  Starport Reactor  
  121  16:21  Terran Infantry Weapons Level 1, Starport, Terran Infantry Armor Level 1  
  121  16:23  SCV  
  121  16:24  Marine x3, Armory, SCV x2  
  121  16:25  Marine x3  
  130  16:34  Marine x2  
  130  16:35  Marine  
  130  16:38  Siege Tank  
  136  16:41  Siege Tank  
  139  16:59  Liberator  
  139  17:00  Liberator  
  139  17:06  Missile Turret x2  
  139  17:11  Missile Turret  
  139  17:13  Terran Ship Weapons Level 1  
  139  17:14  Starport Reactor  
  139  17:18  Medivac  
  147  17:28  Refinery  
  147  17:30  Refinery  
  147  17:34  Liberator  
  147  17:37  Sensor Tower  
  148  17:44  SCV x4  
  148  17:46  Marine x5, Sensor Tower  
  148  17:47  Marine x2  
  148  17:48  Marine  
  162  17:56  SCV x2  
  162  17:57  SCV x2  
  164  18:08  SCV  
  101  18:28  Marine x6  
  101  18:29  Marine  
  101  18:32  Siege Tank x2  
  113  18:38  Factory  
  113  18:45  SCV x2, Sensor Tower  
  113  18:46  SCV x2  
  113  18:57  SCV  
  113  19:01  Missile Turret  
  114  19:04  SCV x3, Siege Tank, Missile Turret  
  114  19:05  Marine x4  
  114  19:08  Marine x3  
  114  19:09  Marine, SCV  
  129  19:19  Viking x5  
  129  19:20  Viking  
  138  19:37  Marine x7  
  145  19:53  SCV x4  
  149  20:03  Siege Tank  
  149  20:04  Siege Tank  
  149  20:05  SCV x2, Command Center  
  157  20:07  Marine  
  157  20:08  Marine x2  
  156  20:36  Siege Tank  
  142  20:44  Viking x3  
  142  20:45  Viking  
  130  21:22  Marine x5  
  130  21:23  Marine x3  
  129  21:45  Marine x5  
  134  21:49  Viking x5  
  134  21:50  Viking  
  146  22:07  Marine x2  
  146  22:08  Marine x5  
  150  22:09  Marine  
  154  22:19  Viking  
  154  22:21  Liberator x4  
  154  22:22  Liberator  
  171  22:50  Planetary Fortress  
  171  22:59  Marine x3  
  171  23:00  Marine x3  
  171  23:01  Marine x3  
  180  23:17  Marine x2  
  182  23:20  Marine x2  
  182  23:21  Marine x5  
  189  23:42  Liberator x3  
  189  23:43  Liberator x3  
  188  24:42  Medivac x3  
  188  24:43  Medivac  
  196  25:35  Marine x3  
  153  26:52  Liberator x4  
  153  26:53  Liberator  
  144  26:57  Marine  
  144  26:58  Marine x4  
  160  27:15  Marine  
  113  27:44  Marine  
  113  27:45  Marine x3  
  117  27:53  Liberator  
  117  27:56  Marine  
  118  28:02  Marine x2  
  118  28:03  Marine  
  121  28:07  Medivac x3  
  121  28:08  Medivac x2  
  134  28:23  Marine x3  
  78  29:04  Marine x5  
  83  29:20  Refinery  
  83  29:21  Refinery  
  83  29:30  Barracks  
  83  29:31  Barracks  
  77  29:33  Barracks  
Show
View Real Time Build Order
Export as new Build Order

A.I. 1 (Elite) Terran - Winner!

Build Orders: MMM Bio 

Get SALT Encoding   

  12  0:00  SCV  
  13  0:13  SCV  
  14  0:19  Supply Depot  
  14  0:25  SCV  
  15  0:41  SCV  
  16  0:44  Barracks  
  16  0:45  Refinery  
  16  0:53  SCV  
  17  1:02  Barracks  
  17  1:05  SCV  
  18  1:17  SCV  
  19  1:32  Marine  
  20  1:34  Orbital Command  
  20  1:43  Barracks  
  20  1:49  Marine x2  
  22  1:58  Supply Depot  
  22  2:00  SCV  
  23  2:07  Barracks Tech Lab  
  23  2:09  Barracks Tech Lab  
  23  2:19  SCV  
  24  2:25  Marine  
  24  2:26  Stimpack  
  24  2:27  Marine  
  24  2:29  Concussive Shells, Marine  
  27  2:36  Supply Depot  
  27  2:43  Marine  
  28  2:44  SCV  
  28  2:45  Marine  
  28  2:47  Marine  
  31  3:02  Marauder  
  31  3:03  Marauder  
  31  3:05  Marine  
  36  3:07  Supply Depot  
  37  3:20  SCV, Combat Shields  
  37  3:22  Marine  
  37  3:23  Marine  
  39  3:27  Supply Depot  
  39  3:29  Marine  
  40  3:38  Refinery  
  40  3:40  Marine  
  41  3:47  Marauder  
  43  3:59  Marauder  
  43  4:00  SCV  
  46  4:09  Marauder  
  47  4:11  Supply Depot  
  47  4:12  SCV  
  48  4:20  Marauder  
  50  4:24  SCV  
  50  4:29  Command Center  
  51  4:34  Marauder  
  53  4:41  Marauder  
  53  4:43  Marine  
  49  4:55  Marauder  
  47  5:01  Marine  
  47  5:02  Marine  
  47  5:09  Factory  
  47  5:14  Engineering Bay  
  47  5:16  Marine  
  47  5:21  Marauder  
  50  5:23  Marine  
  51  5:34  Marine  
  52  5:41  Marine  
  52  5:42  Terran Infantry Weapons Level 1  
  53  5:43  Engineering Bay  
  53  5:45  SCV  
  54  5:51  SCV  
  54  5:57  Marine, SCV  
  56  6:03  SCV  
  58  6:08  Terran Infantry Armor Level 1  
  58  6:09  SCV  
  59  6:15  SCV  
  60  6:21  SCV  
  61  6:25  Marine, Barracks Reactor  
  61  6:26  Marauder, Factory Tech Lab  
  61  6:27  SCV  
  65  6:33  SCV  
  65  6:37  Command Center  
  66  6:43  Marine  
  67  6:47  Marauder  
  67  6:49  Siege Tank  
  67  6:52  Supply Depot  
  67  6:53  SCV  
  73  6:55  SCV  
  74  7:05  SCV  
  75  7:09  Orbital Command  
  75  7:14  Missile Turret  
  75  7:17  SCV  
  75  7:19  Missile Turret  
  75  7:21  Siege Tank  
  79  7:23  Supply Depot  
  79  7:29  SCV  
  80  7:35  SCV  
  81  7:42  Barracks, SCV  
  82  7:46  Starport  
  82  7:48  SCV  
  82  7:50  SCV  
  84  7:53  Siege Tank  
  84  7:54  SCV  
  88  8:00  SCV  
  88  8:02  SCV  
  90  8:06  SCV  
  90  8:12  SCV  
  92  8:18  SCV  
  92  8:19  SCV  
  94  8:20  Armory  
  94  8:24  Refinery, Starport Reactor, SCV  
  94  8:25  Siege Tank  
  98  8:27  Supply Depot  
  98  8:30  SCV  
  98  8:32  Orbital Command  
  99  8:36  SCV  
  99  8:37  Missile Turret  
  99  8:40  Missile Turret  
  100  8:42  SCV  
  100  8:45  Marine  
  100  8:46  Marine  
  103  8:49  SCV  
  103  8:52  Supply Depot  
  103  8:54  SCV  
  105  9:00  Medivac  
  105  9:01  SCV  
  105  9:02  SCV  
  109  9:03  Marauder  
  109  9:06  Terran Infantry Weapons Level 2, SCV  
  109  9:08  Refinery  
  109  9:09  Refinery, Medivac  
  114  9:12  Marauder  
  114  9:13  SCV  
  114  9:16  Supply Depot  
  117  9:18  SCV  
  117  9:23  Missile Turret  
  118  9:28  Siege Tank  
  118  9:29  Refinery  
  121  9:32  SCV  
  121  9:33  SCV x2  
  124  9:42  Supply Depot  
  124  9:45  Missile Turret  
  124  9:52  SCV x3  
  127  9:55  Command Center  
  127  9:59  Widow Mine  
  127  10:02  Marine x4  
  127  10:06  Marine  
  103  10:09  Liberator  
  100  10:20  Marauder, Marine x3  
  105  10:23  Marine  
  105  10:27  Liberator  
  109  10:29  Siege Tank  
  109  10:32  Supply Depot  
  112  10:37  Marine  
  112  10:38  Marine x2  
  112  10:42  Marauder  
  117  10:44  Missile Turret  
  120  10:54  Liberator  
  120  10:55  Ghost Academy  
  120  10:56  Marauder, Marine  
  123  10:58  Supply Depot  
  123  11:01  Siege Tank  
  126  11:07  Marine, SCV x2  
  126  11:10  Liberator  
  129  11:12  Marine  
  133  11:21  Refinery  
  133  11:22  Refinery  
  133  11:26  Ghost  
  138  11:33  Siege Tank, Ghost  
  138  11:36  Supply Depot  
  138  11:37  Liberator, Missile Turret  
  138  11:39  Missile Turret  
  143  11:53  Liberator  
  143  11:55  Terran Infantry Weapons Level 3, Ghost  
  143  11:59  Missile Turret  
  148  12:03  Marauder  
  148  12:05  Siege Tank  
  148  12:06  Terran Vehicle Weapons Level 1  
  153  12:09  Supply Depot, Command Center  
  156  12:19  Armory  
  156  12:20  Personal Cloaking  
  156  12:23  Ghost  
  156  12:24  Marauder  
  156  12:28  Planetary Fortress  
  160  12:30  Missile Turret  
  160  12:31  Missile Turret  
  160  12:33  Missile Turret  
  160  12:37  Marine, Medivac  
  160  12:43  Marine  
  164  12:46  Supply Depot, Marine  
  164  12:47  Marine  
  166  12:58  Medivac  
  168  13:01  Siege Tank  
  168  13:03  Marine  
  168  13:04  Marine x2  
  168  13:05  Marine x2  
  101  13:22  Marauder x2, Marine  
  101  13:23  Marine x2  
  108  13:27  Viking  
  108  13:31  Viking  
  108  13:33  Siege Tank  
  115  13:40  Marine x2  
  115  13:41  Refinery, Marine  
  117  13:42  Ghost  
  117  13:44  Marauder, Liberator  
  117  13:45  Refinery  
  117  13:48  Command Center  
  122  13:57  Viking  
  122  13:58  Marine  
  122  13:59  Marine  
  130  14:02  SCV  
  130  14:05  Marauder, Siege Tank  
  130  14:09  SCV  
  115  14:10  Liberator  
  115  14:11  Marine  
  115  14:13  Marine  
  115  14:14  Planetary Fortress  
  115  14:16  Missile Turret  
  113  14:17  Marine  
  113  14:20  Missile Turret  
  108  14:26  Marine  
  108  14:27  Liberator  
  108  14:29  Marine  
  112  14:32  SCV, Barracks Reactor  
  112  14:36  Marine  
  112  14:37  Siege Tank  
  117  14:41  SCV  
  117  14:43  Barracks, Ghost  
  117  14:44  SCV x2  
  117  14:45  SCV  
  114  14:47  Marauder  
  114  14:50  SCV  
  103  14:53  Liberator, SCV  
  103  14:54  Marine  
  103  14:56  SCV  
  103  14:57  SCV x2  
  104  15:03  SCV x2  
  104  15:05  SCV  
  107  15:07  Terran Infantry Armor Level 2  
  107  15:08  Marine  
  107  15:09  SCV  
  107  15:10  SCV  
  107  15:11  Marine, SCV  
  107  15:12  Marine  
  116  15:14  Refinery, Marine  
  116  15:15  Marine  
  116  15:17  SCV x2  
  116  15:18  SCV  
  116  15:21  SCV, Missile Turret  
  119  15:23  SCV  
  119  15:25  Missile Turret, SCV  
  119  15:26  Marine  
  119  15:27  Nuke, Medivac  
  123  15:29  SCV  
  123  15:30  Planetary Fortress  
  123  15:31  Marauder, SCV  
  123  15:32  Marine  
  123  15:33  SCV  
  123  15:34  Marine  
  130  15:35  Marine  
  130  15:36  Marine, Liberator  
  132  15:44  Marauder  
  132  15:46  Factory  
  132  15:49  Marine  
  134  15:51  Ghost  
  134  15:57  Medivac  
  142  16:05  Ghost  
  142  16:06  Missile Turret  
  142  16:08  Missile Turret  
  142  16:09  Missile Turret  
  144  16:21  Marauder  
  146  16:28  Fusion Core  
  146  16:29  Liberator, Missile Turret  
  146  16:31  Liberator  
  146  16:33  Siege Tank  
  146  16:34  Marauder  
  146  16:36  Command Center  
  151  16:41  Ghost  
  159  17:04  Marauder  
  159  17:05  Siege Tank  
  160  17:10  Marauder  
  160  17:11  Liberator  
  160  17:14  Liberator  
  162  17:25  Starport, Factory Tech Lab  
  162  17:26  Marauder  
  167  17:32  Marauder  
  167  17:33  Barracks Tech Lab  
  167  17:35  Marine x2  
  167  17:36  Marine  
  175  17:37  Siege Tank  
  175  17:43  Hi-Sec Auto Tracking, Siege Tank  
  181  17:44  Building Armor  
  181  17:46  Marine, Terran Vehicle And Ship Armor Level 1  
  182  17:52  Terran Vehicle Weapons Level 2, Ghost  
  182  17:54  Liberator  
  184  18:01  Factory, Starport Tech Lab  
  184  18:10  Hellion  
  172  18:14  Viking  
  172  18:15  Siege Tank  
  172  18:17  Marine x2  
  172  18:18  Marine x2, Banshee  
  167  18:21  Marine  
  167  18:22  Marine  
  167  18:27  Liberator  
  161  18:31  Siege Tank  
  164  18:37  Liberator  
  164  18:39  Marine  
  164  18:40  Marine  
  166  18:44  Liberator  
  166  18:48  Infernal Pre-Igniter, Hellion  
  171  18:49  Hellion  
  171  18:50  Terran Infantry Armor Level 3  
  171  18:53  Planetary Fortress  
  171  18:55  Missile Turret  
  174  18:57  Missile Turret  
  174  18:59  Missile Turret  
  174  19:02  Widow Mine  
  175  19:09  Siege Tank, Liberator  
  180  19:11  Hellion  
  182  19:24  Refinery  
  182  19:25  Refinery  
  182  19:26  Marine  
  182  19:31  Widow Mine, Command Center  
  186  19:32  Hellion  
  186  19:37  Viking  
  192  19:41  Cyclone  
  192  19:44  Raven  
  195  19:50  Terran Vehicle And Ship Armor Level 2  
  195  19:53  Hellion  
  197  20:10  Terran Vehicle Weapons Level 3  
  197  20:11  Factory  
  197  20:14  Advanced Ballistics  
  197  20:18  Refinery, Factory Tech Lab  
  197  20:24  Liberator  
  197  20:30  Thor  
  197  20:33  Raven  
  200  20:45  Refinery, Cyclone, Planetary Fortress  
  200  20:46  Hellion  
  199  20:59  Hellion  
  199  21:03  Missile Turret  
  183  21:04  Viking, Marine  
  183  21:05  Marine x4  
  183  21:06  Marine  
  183  21:07  Hellion  
  152  21:12  Widow Mine  
  152  21:15  Viking  
  152  21:17  Widow Mine, Liberator  
  152  21:19  Missile Turret  
  152  21:20  Hellion  
  152  21:22  Marine  
  152  21:23  Marauder x2, Marine x2  
  152  21:24  Viking, Marine  
  164  21:28  Liberator  
  164  21:29  Hellion  
  160  21:34  Missile Turret  
  160  21:37  Liberator  
  157  21:40  Marauder  
  157  21:41  Widow Mine, Thor, Marine  
  157  21:43  Marine x2  
  157  21:44  Ghost  
  157  21:45  Marauder  
  157  21:46  Refinery, Hellion  
  176  21:50  Hellion  
  178  21:59  Marine  
  178  22:00  Liberator  
  182  22:07  Thor  
  188  22:09  Widow Mine  
  188  22:11  Siege Tank  
  188  22:13  High Capacity Fuel Tanks  
  188  22:15  Terran Vehicle And Ship Armor Level 3  
  196  22:24  Cyclone  
  199  22:43  Siege Tank  
  200  22:54  Command Center  
  200  23:19  SCV  
  200  23:20  SCV  
  200  23:41  Command Center  
  200  23:50  Viking  
  199  24:34  Viking x2  
  199  24:35  Siege Tank x2  
  199  24:37  Siege Tank  
  190  25:01  Viking  
  190  25:02  Refinery, Planetary Fortress  
  190  25:04  Viking x2  
  199  25:07  Siege Tank  
  198  25:15  Missile Turret  
  198  25:22  Missile Turret  
  198  25:25  Missile Turret  
  198  25:31  Viking, Liberator, Command Center  
  198  25:33  Refinery  
  199  25:42  Missile Turret  
  199  25:48  SCV  
  199  25:49  SCV x2  
  200  25:51  SCV x2  
  200  25:52  SCV x2  
  200  25:54  SCV  
  200  25:56  Siege Tank  
  198  26:00  SCV  
  198  26:01  SCV  
  198  26:03  Terran Ship Weapons Level 1, Missile Turret  
  200  26:05  SCV  
  200  26:06  SCV x3  
  200  26:07  SCV  
  200  26:08  Siege Tank, SCV  
  200  26:10  Siege Tank  
  197  26:12  Viking, SCV  
  197  26:13  Viking, Marine, Hellion  
  197  26:16  Marine  
  187  26:23  SCV  
  187  26:24  SCV  
  185  26:26  Liberator  
  185  26:28  Siege Tank  
  185  26:31  Viking  
  185  26:32  Marine  
  185  26:35  Hellion  
  185  26:37  SCV  
  185  26:41  Siege Tank  
  185  26:42  Viking, Hellion  
  185  26:44  Marine, Liberator  
  185  26:45  Marine, Planetary Fortress  
  185  26:46  SCV  
  188  26:49  Marine  
  185  26:54  Liberator  
  185  26:56  Hellion, SCV x2  
  191  27:04  Missile Turret  
  191  27:06  SCV  
  191  27:07  SCV x2  
  194  27:17  Missile Turret  
  194  27:18  SCV x2  
  194  27:19  SCV  
  194  27:20  SCV  
  185  27:23  Command Center  
  185  27:24  Marine, SCV  
  185  27:25  Viking  
  185  27:29  Missile Turret  
  183  27:34  Missile Turret  
  183  27:37  Liberator  
  183  27:42  Missile Turret  
  183  27:44  Medivac  
  185  27:45  Missile Turret  
  185  27:51  Refinery  
  185  27:55  Medivac  
  185  27:56  Liberator  
  190  28:18  Refinery  
  193  28:20  Refinery  
  193  28:22  Refinery  
  193  28:26  Battlecruiser  
  199  28:33  Hellion  
  185  28:35  Planetary Fortress  
  185  28:37  Viking  
  183  28:42  Marine, Hellion  
  183  28:43  SCV x2, Command Center  
  183  28:44  Marine, SCV  
  183  28:45  Hellion, SCV  
  183  28:46  Hellion, SCV  
  183  28:48  Marine  
  170  28:50  Marine x2  
  170  28:51  Marine  
  170  28:54  Cyclone  
  170  28:56  Medivac  
  170  29:00  Marauder  
  170  29:01  Marine  
  175  29:04  Hellion  
  175  29:06  Marauder  
Tags
 
Composition
MMM Bio
League
Gold
Matchup
TvT
Race
Terran
Add a new tag
Caveats
  • Supply blocks, unpowered buildings, or Contaminate may cause inaccurate times.
  • Supply counts are checked every 10 seconds.